 Dungeon Crawl Stone Soup version 0.24-a0-441-g27f0392e16 (webtiles) character file.

Game seed: 647845478279085111

37621 petercordiaCSDC the Covert (level 13, -1/124 HPs)
             Began as a Naga Monk on June 16, 2019.
             Shot with a bolt by a naga sharpshooter (24 damage)
             ... on level 2 of the Snake Pit on June 20, 2019.
             The game lasted 02:17:20 (19199 turns).

petercordiaCSDC the Covert (Naga Monk)             Turns: 19199, Time: 02:17:23

Health: -1/124     AC: 20    Str: 15    XL:     13   Next: 97%
Magic:  7/16       EV: 25    Int: 10    God:
Gold:   11         SH: 23    Dex: 20    Spells: 12/12 levels left

rFire    + + .     SeeInvis +   a - +9 falchion of Ruination {slice, rC+}
rCold    + . .     Gourm    .   J - +2 shield
rNeg     + + .     Faith    .   U - +2 robe {MR+}
rPois    +         Spirit   .   u - +2 helmet
rElec    .         Reflect  +   W - +0 cloak
rCorr    .         Harm     .   g - +2 pair of gloves
MR       ++...                  M - +2 naga barding {rF+}
Stlth    +++++++...             y - brooch of Shielding {Reflect SH+8}
HPRegen  0.30/turn              f - +6 ring of evasion
MPRegen  0.15/turn              j - ring of Wu Jian's Approval {rF+ rN++ Int-3 SInv}

@: agile, very slow
A: large, see invisible, deformed body, poison resistance, slowness 2, slow
metabolism 1, spit poison 1, constrict 1, AC +4
a: Spit Poison


You were on level 2 of the Snake Pit.
You were very full.

You visited 4 branches of the dungeon, and saw 18 of its levels.
You also visited: Sewer.

You collected 851 gold pieces.
You spent 840 gold pieces at shops.

Inventory:

Hand Weapons
 a - the +9 falchion of Ruination (weapon) {slice, rC+}
   (You found it in a sewer)

   It inflicts extra damage upon your enemies.
   It protects you from cold.
 b - a +2 dagger of venom
 P - a +2 scimitar of flaming
 X - a +1 short sword of draining
Missiles
 k - 68 poisoned darts
 o - 9 javelins
 w - 6 silver boomerangs
 H - a throwing net
 I - 14 boomerangs (quivered)
Armour
 g - a +2 pair of gloves (worn)
 u - a +2 helmet (worn)
 J - a +2 shield (worn)
 M - a +2 naga barding of fire resistance (worn)
 U - a +2 robe of magic resistance (worn)
 W - a +0 cloak (worn)
Jewellery
 f - a +6 ring of evasion (left hand)
 h - an uncursed amulet of regeneration
 j - the ring of Wu Jian's Approval (right hand) {rF+ rN++ Int-3 SInv}
   (You found it on level 8 of the Dungeon)

   [ring of protection from fire]

   It affects your intelligence (-3).
   It protects you from fire.
   It greatly protects you from negative energy.
   It lets you see invisible.
 t - an uncursed amulet of the gourmand
 y - the brooch of Shielding (around neck) {Reflect SH+8}
   (You found it on level 1 of the Snake Pit)

   [amulet of reflection]

   It shields you and reflects attacks.
   It affects your SH (+8).
Wands
 i - a wand of paralysis (14)
 p - a wand of polymorph (36)
 O - a wand of iceblast (1)
 Q - a wand of flame (18)
 S - a wand of disintegration (11)
 T - a wand of clouds (4)
Scrolls
 c - a scroll of fear
 d - 2 scrolls of identify
 l - 4 scrolls of immolation
 q - 6 scrolls of teleportation
 s - 4 scrolls of enchant weapon
 x - 2 scrolls of blinking
 z - a scroll of vulnerability
 A - 5 scrolls of remove curse
 K - 2 scrolls of magic mapping
 L - a scroll of silence
 V - 2 scrolls of holy word
 Z - a scroll of fog
Potions
 e - a potion of magic
 m - 3 potions of flight
 n - 4 potions of brilliance
 r - 4 potions of cancellation
 C - 2 potions of agility
 D - 8 potions of heal wounds
 E - 5 potions of haste
 F - a potion of might
 G - 8 potions of curing
 N - a potion of berserk rage
 R - a potion of ambrosia
 Y - 2 potions of invisibility
Miscellaneous
 v - a sack of spiders
Comestibles
 B - 26 rations


   Skills:
 + Level 10.5 Fighting
 - Level 12.8(13.2) Short Blades
 + Level 5.3(10.0) Long Blades
 + Level 8.9 Dodging
 + Level 14.9 Stealth
 - Level 12.0 Shields
 - Level 5.1 Unarmed Combat
 + Level 5.1 Evocations


You had 12 spell levels left.
You didn't know any spells.
Your spell library contained the following spells:

 Spells                   Type           Power        Failure   Level  Hunger
 Summon Small Mammal      Summ           #...         36%         1    ##.....
 Call Imp                 Summ           #.......     50%         2    ###....
 Call Canine Familiar     Summ           #.......     75%         3    ####...
 Summon Guardian Golem    Hex/Summ       #.......     75%         3    ####...
 Summon Ice Beast         Ice/Summ       #.......     98%         4    #####..
 Summon Lightning Spire   Summ/Air       #.......     98%         4    #####..


Dungeon Overview and Level Annotations

Branches:
Dungeon (12/15)            Temple (1/1) D:7            Lair (3/6) D:10
  Snake (2/4) Lair:3          Orc (0/2) D:9
  Swamp: Lair:2-4    Shoals: Lair:2-4

Altars:
Ashenzari
Cheibriados
Dithmenos
Elyvilon
Fedhas
Gozag
Hepliaklqana
Kikubaaqudgha
Makhleb
Nemelex Xobeh
Okawaru
Qazlal
Ru
Sif Muna
Trog
Uskayaw
Vehumet
Wu Jian
Xom
Yredelemnul
Zin
The Shining One

Shops:
D:7 }   Snake:1 ??:[*

Annotations:
D:5 Dowan, Duvessa
D:7 exclusion: upstairs
Lair:1 manual of shields
Lair:2 exclusion: 4 oklob plants
Snake:1 exclusion: 2 downstairs, Donald
Snake:2 Saint Roka


Innate Abilities, Weirdness & Mutations

You cannot wear boots.
Your serpentine skin is tough. (AC +4)
You have supernaturally acute eyesight. (SInv)
Armour fits poorly on your strangely shaped body.
Your system is resistant to poisons. (rPois)
You cover ground very slowly.
You have a slow metabolism.
You can spit poison.
You can use your snake-like lower body to constrict enemies.


Message History

The splash of poison reflects off an invisible shield around you!
The splash of poison hits the naga.
The mana viper bites you!
* * * LOW HITPOINT WARNING * * *
You feel your power leaking away.
You hit the mana viper.
The mana viper is lightly wounded.
You constrict the mana viper, but do no damage.
You block the naga's attack. x2; The naga misses you.
You riposte.
You slash the naga!
The naga is heavily wounded.
You block the naga's attack. The mana viper completely misses you.
You riposte.
You slash the mana viper!
The mana viper is moderately wounded.
You hit the mana viper.
The mana viper is heavily wounded.
You constrict the mana viper. The mana viper completely misses you.
The naga sharpshooter casts a spell.
The naga sharpshooter magically shoots a bolt.
The bolt hits you!!
You die...

,**,,,,,,,,,* ##N.####
,,*,,,,,,,,,* #N##
*,,********** #.# ,*,*
#.# ,,,* #.# *,,*** #.#
*,,,,*** #ยง# # **,,,,,*
#)#.#####* ***,*,*
######@S......* *,,,*
#...##NN......* **,,*
#...##........* *,,**
#......(......*
******,,**#.<....>......*
,,,,,.........##........*
*****##.####.###........*
* *,***#..,#.....)..*
*,,,,...,,,,*******


You could see a naga sharpshooter, a mana viper and 2 nagas.

Vanquished Creatures
  Jorgrun (Snake:2)
  Agnes (Snake:1)
  The ghost of Ussaxut the Destroyer, an adept DsFE of Vehumet (Snake:1)
  Harold (D:9)
  A naga warrior (Snake:2)
  3 hydras
  Erica (Lair:2)
  An anaconda (Snake:1)
  A naga sharpshooter (Snake:1)
  A shock serpent (Snake:1)
  Nergalle (D:10)
  An ugly thing (D:11)
  2 manticores (D:11)
  2 salamanders (Snake:2)
  2 cyclopes (D:11)
  A centaur zombie (D:11)
  Joseph (D:8)
  7 black mambas
  2 naga magi (Snake:2)
  6 spiny frogs
  A gargoyle (D:11)
  A rime drake (Lair:2)
  3 komodo dragons
  2 trolls
  A queen bee (D:9)
  Grinder (D:6)
  2 hornets
  3 blink frogs (Lair:2)
  3 hippogriffs
  A hungry ghost (D:4)
  16 yaks
  A steam dragon (D:7)
  2 wyverns
  2 wargs (D:10)
  Edmund (D:6)
  12 nagas
  5 water moccasins
  10 porcupines
  3 sky beasts
  4 orc warriors
  3 ice beasts
  2 phantoms
  A necrophage (D:11)
  3 black bears
  4 wolves (Lair:1)
  3 ogres
  8 centaurs
  7 crocodiles
  9 bullfrogs
  3 big kobolds
  A gnoll sergeant (D:10)
  4 scorpions
  35 killer bees
  7 wights
  9 howler monkeys
  5 crimson imps
  4 jellies
  A quasit (D:11)
  2 bullfrog zombies
  6 hounds
  A bullfrog skeleton (D:5)
  A gnoll shaman (D:5)
  9 orc priests
  2 centaur skeletons
  2 iguanas
  16 orc wizards
  4 worker ants
  A hound zombie (D:5)
  A worker ant zombie (D:11)
  Robin (D:3)
  13 gnolls
  12 adders
  9 river rats
  A shadow imp (D:10)
  An ooze (D:7)
  2 adder skeletons
  6 worms
  2 dart slugs (D:1)
  5 leopard geckos
  44 orcs
  8 bats
  6 giant cockroaches
  15 goblins
  14 hobgoblins
  4 jackals
  31 kobolds
  3 quokkas
  9 ball pythons
  4 frilled lizards
  A leopard gecko skeleton (D:6)
  A leopard gecko zombie (D:7)
  A quokka zombie (D:8)
  22 rats
480 creatures vanquished.

Vanquished Creatures (others)
  A hippogriff (D:11)
  A fungus (Lair:3)
  4 plants (Lair:2)
6 creatures vanquished.

Grand Total: 486 creatures vanquished

Notes
Turn   | Place    | Note
-------+----------+-------------------------------------------
     0 | D:1      | petercordiaCSDC the Naga Monk began the quest for the Orb.
     0 | D:1      | Reached XP level 1. HP: 21/21 MP: 1/1
    96 | D:1      | Reached XP level 2. HP: 28/28 MP: 2/2
   404 | D:1      | Reached XP level 3. HP: 34/34 MP: 3/3
   765 | D:1      | Reached skill level 4 in Stealth
  1234 | D:2      | Reached XP level 4. HP: 39/42 MP: 4/4
  2329 | D:3      | Noticed Robin
  2333 | D:3      | Reached XP level 5. HP: 50/50 MP: 5/5
  2389 | D:3      | Killed Robin
  2959 | D:3      | Reached skill level 5 in Stealth
  3296 | D:4      | Found a glowing drain.
  3329 | D:4      | Noticed a centaur
  3331 | Sewer    | Entered a sewer
  3565 | Sewer    | Got a crystal falchion
  3613 | Sewer    | Reached XP level 6. HP: 57/57 MP: 6/6
  4332 | D:4      | Reached skill level 6 in Stealth
  4339 | D:4      | Reached XP level 7. HP: 22/66 MP: 7/7
  4353 | D:4      | Noticed a hungry ghost
  4383 | D:4      | Killed a hungry ghost
  4383 | D:4      | Reached skill level 5 in Fighting
  4383 | D:4      | Reached skill level 5 in Unarmed Combat
  4659 | D:4      | Reached skill level 7 in Stealth
  4715 | D:4      | Noticed a hippogriff
  4903 | D:4      | Reached XP level 8. HP: 65/75 MP: 8/8
  5191 | D:4      | Found a shadowy altar of Dithmenos.
  5215 | D:4      | Identified the +9 falchion of Ruination {slice, rC+} (You
                  | found it in a sewer)
  5525 | D:4      | Killed a hippogriff
  5525 | D:4      | Reached skill level 8 in Stealth
  5559 | D:5      | Entered Level 5 of the Dungeon
  5695 | D:5      | Reached skill level 5 in Short Blades
  5988 | D:5      | Reached XP level 9. HP: 75/82 MP: 9/9
  6324 | D:5      | Noticed Duvessa
  6324 | D:5      | Noticed Dowan
  6483 | D:5      | Reached skill level 5 in Dodging
  6773 | D:6      | Noticed Grinder
  6778 | D:6      | Reached skill level 9 in Stealth
  6899 | D:7      | Found a staircase to the Ecumenical Temple.
  6926 | Temple   | Entered the Ecumenical Temple
  7106 | D:7      | Found Fabito's Gadget Shop.
  7156 | D:6      | Noticed Edmund
  7346 | D:7      | Reached skill level 10 in Stealth
  7858 | D:6      | Killed Edmund
  7858 | D:6      | Reached skill level 10 in Short Blades
  7858 | D:6      | Reached XP level 10. HP: 92/94 MP: 10/10
  7955 | D:6      | Killed Grinder
  8211 | D:6      | Found a blossoming altar of Fedhas.
  8559 | D:8      | Reached skill level 11 in Stealth
  8735 | D:8      | Noticed Joseph
  9257 | D:8      | Killed Joseph
  9450 | D:8      | Got a slimy wooden ring
  9452 | D:8      | Identified the ring of Wu Jian's Approval {rF+ rN++ Int-3
                  | SInv} (You found it on level 8 of the Dungeon)
  9672 | D:9      | Noticed Harold
  9683 | D:9      | Killed Harold
 10102 | D:9      | You fall into a shaft and drop 3 floors!
 10109 | D:12     | Reached skill level 12 in Stealth
 10138 | D:12     | Identified a scroll of acquirement
 10157 | D:11     | Reached XP level 11. HP: 101/104 MP: 11/11
 10254 | D:11     | Noticed a purple ugly thing
 10317 | D:11     | Noticed a cyclops
 10401 | D:10     | Entered Level 10 of the Dungeon
 10661 | D:10     | Found a staircase to the Lair.
 10678 | Lair:1   | Entered Level 1 of the Lair of Beasts
 11014 | D:9      | Found a staircase to the Orcish Mines.
 11925 | D:10     | Reached skill level 13 in Stealth
 12062 | D:10     | Reached skill level 1 in Long Blades
 12246 | D:10     | Noticed Nergalle
 12261 | D:10     | Killed Nergalle
 12275 | D:10     | Reached skill level 1 in Evocations
 12771 | D:10     | Upgraded the game from 0.24-a0-434-gd57e52fea8 to
                  | 0.24-a0-441-g27f0392e16
 12822 | D:11     | Noticed a cyclops
 12832 | D:11     | Reached skill level 1 in Shields
 12834 | D:11     | Noticed a manticore
 12841 | D:11     | Noticed a manticore
 13260 | D:11     | Killed a purple ugly thing
 13411 | D:11     | Killed a cyclops
 13610 | D:11     | Reached skill level 5 in Shields
 13700 | D:11     | Killed a cyclops
 13748 | D:11     | Killed a manticore
 13748 | D:11     | Reached XP level 12. HP: 69/114 MP: 12/12
 14259 | D:12     | Noticed a five-headed hydra
 15238 | Lair:1   | Noticed a seven-headed hydra
 15256 | Lair:1   | Killed a seven-headed hydra
 15256 | Lair:1   | Reached skill level 10 in Shields
 15438 | Lair:1   | Noticed a four-headed hydra
 15455 | Lair:1   | Killed a four-headed hydra
 16257 | Lair:2   | Noticed Erica
 16271 | Lair:2   | Killed Erica
 16871 | Lair:2   | Gained mutation: You can use your snake-like lower body to
                  | constrict enemies. [Naga growth]
 16871 | Lair:2   | Reached XP level 13. HP: 120/121 MP: 14/14
 17803 | Lair:3   | Found a staircase to the Snake Pit.
 17836 | Lair:3   | Reached skill level 14 in Stealth
 17958 | Snake:1  | Entered Level 1 of the Snake Pit
 17975 | Snake:1  | Found Anes's Antique Armour Shoppe.
 18001 | Snake:1  | Noticed Agnes
 18046 | Snake:1  | Found Mopnoky's Magic Scroll Shop.
 18053 | Snake:1  | Bought a scroll of identify for 30 gold pieces
 18053 | Snake:1  | Bought a scroll of identify for 30 gold pieces
 18066 | Snake:1  | Found Efykhleu's Magic Scroll Emporium.
 18119 | Snake:1  | Found Juoly's Assorted Antiques.
 18212 | Snake:1  | Found Exiudo's Book Boutique.
 18220 | Snake:1  | Reached skill level 10 in Fighting
 18242 | Snake:2  | Noticed Saint Roka
 18488 | Snake:1  | Found a runed translucent gate.
 18488 | Snake:1  | Found a runed translucent gate.
 18488 | Snake:1  | Found a runed translucent gate.
 18491 | Snake:1  | Noticed Ussaxut's ghost (adept DsFE)
 18494 | Snake:1  | Found the brooch of Shielding {Reflect SH+8}
 18531 | Snake:1  | Killed Ussaxut's ghost
 18672 | Snake:1  | Killed Agnes
 18679 | Snake:1  | Noticed Donald
 18963 | Snake:1  | Bought a scroll of acquirement for 780 gold pieces
 19125 | Snake:2  | Noticed Jorgrun
 19137 | Snake:2  | Killed Jorgrun
 19137 | Snake:2  | Reached skill level 5 in Long Blades
 19178 | Snake:2  | Reached skill level 5 in Evocations
 19199 | Snake:2  | Shot with a bolt by a naga sharpshooter

Levels and vault maps discovered:
D:1:      erik_arrival_blinker_ship, layout_basic, supply_closet_lemuel,
          minmay_shallow_snake_nest
D:2:      layout_loops_cross
D:3:      layout_basic, uniq_robin
D:4:      layout_basic, kennysheep_mini_moat, first_ration,
          cheibrodos_sewer_entry_sluice, minmay_manual_monstrance
D:5:      layout_gridville, uniq_duvessa
D:6:      layout_rooms, serial_glass, glass_columns_c, glass_columns_a,
          fedhas_altar_1, uniq_edmund, uniq_grinder
D:7:      layout_basic, minmay_temple_entry_ruins, serial_shops,
          nicolae_shop_window_shopping
D:8:      layout_cave_pools, uniq_joseph
D:9:      layout_basic, orc_0_dummy, david_nohive_1, uniq_harold
D:10:     layout_cave_pods, erik_lair_orcish_takeover, uniq_nergalle
D:11:     layout_basic, lemuel_nasty_fountain
D:12:     layout_grid_maze
Temple:   kilobyte_greek_temple
Lair:1:   layout_regular_city, lemuel_fruit_tree, grunt_megastairs_3
Lair:2:   layout_hall_layers, beast_lair_carwin_11, minmay_lair_oklob_chamber,
          grunt_megastairs_4, uniq_erica
Lair:3:   wad_woods_structure_01, layout_loops_ring,
          minmay_snake_entry_guardpost_large, infiniplex_staircase_pool,
          uniq_snorg
Snake:1:  layout_onion, serial_shops, shop, nicolae_shop_crystal, shop, shop,
          shop, ebering_ghost_rock_garden, uniq_agnes, uniq_donald
Snake:2:  layout_rooms, statue_in_the_mist_lemuel, uniq_jorgrun, uniq_saint_roka

Skill      XL: |  1  2  3  4  5  6  7  8  9 10 11 12 13 |
---------------+----------------------------------------+-----
Stealth        | 4 5 6 7 8 10 12 13 14 | 14.9
Dodging        | 3 4 5 7 8 |  8.9
Unarmed Combat | 4 5 |  5.1
Fighting       | 4 5 7 8 9 10 | 10.5
Short Blades   | 8 10 11 12 | 12.8
Long Blades    | 1 2 5 |  5.3
Evocations     | 1 2 5 |  5.1
Shields        | 6 12 | 12.0

Action                   |  1- 3 |  4- 6 |  7- 9 | 10-12 | 13-15 || total
-------------------------+-------+-------+-------+-------+-------++-------
Melee: Unarmed           |    61 |   177 |    47 |       |       ||   285
       Punch             |     2 |     1 |     3 |     6 |       ||    12
       Falchion          |       |       |   154 |   551 |   150 ||   855
       Dagger            |       |       |     4 |    89 |    87 ||   180
       Short sword       |       |       |       |    10 |       ||    10
       Constrict         |       |       |       |       |    36 ||    36
       Scimitar          |       |       |       |       |     7 ||     7
Throw: Dart              |       |    44 |    39 |    81 |     2 ||   166
       Stone             |       |    59 |    16 |    32 |       ||   107
       Boomerang         |       |       |     5 |    30 |     3 ||    38
       Throwing net      |       |       |       |     3 |       ||     3
 Abil: Spit Poison       |    39 |    62 |    43 |    80 |     3 ||   227
Evoke: Wand              |       |       |       |     9 |     1 ||    10
       Sack of spiders   |       |       |       |       |     2 ||     2
  Use: Scroll            |       |     9 |     9 |    15 |     7 ||    40
       Potion            |       |     2 |     1 |     1 |     4 ||     8
 Stab: Sleeping          |     1 |       |     9 |    22 |     7 ||    39
       Paralysed         |       |       |       |     2 |       ||     2
       Distracted        |       |       |       |     2 |     1 ||     3
       Held in net/web   |       |       |       |     1 |       ||     1
       Invisible         |       |       |       |       |     9 ||     9
  Eat: Chunk             |     2 |    13 |    21 |    30 |     4 ||    70
       Ration            |       |       |     2 |       |       ||     2
Armor: Robe              |    14 |    38 |    30 |    85 |    19 ||   186
       Steam dragon scal |       |       |     3 |       |       ||     3
Dodge: Dodged            |    36 |   109 |   156 |   447 |    91 ||   839
Block: Shield            |       |       |       |   167 |   168 ||   335
       Reflection        |       |       |       |       |     8 ||     8
       Rpst.: Falchion   |       |       |    44 |   103 |    16 ||   163
       Scimitar          |       |       |       |       |     1 ||     1

Table legend:
 A = Non-vault XP
 B = Vault XP
 C = Vault XP percentage of total XP
 D = Non-vault monster count
 E = Vault monster count
 F = Vault count percentage of total count
                 A         B        C        D         E       F
            +---------+---------+-------+---------+---------+-------
      Total |   35730 |   18015 |  33.5 |     359 |     121 |  25.2
            +---------+---------+-------+---------+---------+-------
        D:1 |      62 |       1 |   1.6 |      27 |       1 |   3.6
        D:2 |      85 |       0 |   0.0 |      16 |       0 |   0.0
        D:3 |      83 |      36 |  30.3 |      22 |      12 |  35.3
        D:4 |     433 |     644 |  59.8 |      15 |       8 |  34.8
        D:5 |    1241 |       0 |   0.0 |      36 |       0 |   0.0
        D:6 |     799 |     443 |  35.7 |      17 |       2 |  10.5
        D:7 |    1548 |       0 |   0.0 |      35 |       0 |   0.0
        D:8 |    1385 |     439 |  24.1 |      33 |       1 |   2.9
        D:9 |     357 |    2163 |  85.8 |       6 |      16 |  72.7
       D:10 |    2505 |    1420 |  36.2 |      31 |       9 |  22.5
       D:11 |    5264 |       0 |   0.0 |      42 |       0 |   0.0
       D:12 |    1171 |       0 |   0.0 |      10 |       0 |   0.0
     Lair:1 |    4159 |     996 |  19.3 |      16 |       5 |  23.8
     Lair:2 |    5497 |    3069 |  35.8 |      26 |       9 |  25.7
     Lair:3 |    2792 |    1139 |  29.0 |       9 |       7 |  43.8
    Snake:1 |    4938 |    4098 |  45.4 |      11 |       2 |  15.4
    Snake:2 |    3411 |    3296 |  49.1 |       7 |       1 |  12.5
      Sewer |       0 |     271 | 100.0 |       0 |      48 | 100.0
            +---------+---------+-------+---------+---------+-------
